NCAA
OKLAHOMA SOONERS @ SOUTH CAROLINA GAMECOCKS
04/09/2025
 
TOP OF THE 1ST
Oklahoma Sooners batting - Pitching for South Carolina Gamecocks : RHP Paul Horning
Pitching: RHP Paul Horning
Batting: RHB Chris Wilson 0-0: Ball
1-0: DOUBLE (Line Drive, 78M)
Batting: SHB César Álvarez 0-0: Called Strike
0-1: Foul Ball, location: 2F
0-2: Strikes out swinging
Batting: SHB Donald Reed 0-0: Ground out 3-1 (Groundball, 34S)
Chris Wilson to third
Batting: LHB Keith Green 0-0: Ball
1-0: Ball
2-0: Called Strike
2-1: Ball
3-1: Base on Balls
Batting: RHB Ralph Hayes 0-0: Ball
1-0: Called Strike
1-1: Fly out, F6 (Popup, 6)
Top of the 1st over - 0 run(s), 1 hit(s), 0 error(s), 2 left on base; Oklahoma 0 - South Carolina 0
BOTTOM OF THE 1ST
South Carolina Gamecocks batting - Pitching for Oklahoma Sooners : LHP Bob Pitchforth
Pitching: LHP Bob Pitchforth
Batting: RHB Gary Wyatt 0-0: Ball
1-0: Foul Ball, location: 2F
1-1: Swinging Strike
1-2: Ball
2-2: Foul Ball, location: 2F
2-2: Fly out, F7 (Flyball, 78M)
Batting: RHB Mike Wagner 0-0: Ball
1-0: Foul Ball, location: 2F
1-1: Ball
2-1: Swinging Strike
2-2: Ball
3-2: Base on Balls
Batting: RHB Josh Baker 0-0: Called Strike
0-1: SINGLE (Groundball, 25) (infield hit)
Mike Wagner to second
Batting: RHB Lewis Carter 0-0: Grounds into double play, U6-3 (Groundball, 6)
Bottom of the 1st over - 0 run(s), 1 hit(s), 0 error(s), 1 left on base; Oklahoma 0 - South Carolina 0
TOP OF THE 2ND
Oklahoma Sooners batting - Pitching for South Carolina Gamecocks : RHP Paul Horning
Batting: RHB Rafael Barajas 0-0: Called Strike
0-1: Foul Ball, location: 2F
0-2: Strikes out swinging
Batting: RHB Steven Wright 0-0: Fly out, F8 (Line Drive, 8LM)
Batting: RHB José Ramos 0-0: Ball
1-0: DOUBLE (Line Drive, 9LS)
Batting: SHB Ryan Holcomb 0-0: Reached on error, E4 (Groundball, 4)
José Ramos to third
Batting: RHB Chris Wilson 0-0: Foul Ball, location: 2F
0-1: 3-RUN HOME RUN (Flyball, 7D), Distance : 350 ft
Batting: SHB César Álvarez 0-0: Fly out, F6 (Popup, 6M)
Top of the 2nd over - 3 run(s), 2 hit(s), 1 error(s), 0 left on base; Oklahoma 3 - South Carolina 0
BOTTOM OF THE 2ND
South Carolina Gamecocks batting - Pitching for Oklahoma Sooners : LHP Bob Pitchforth
Batting: RHB Fernando Pérez 0-0: Ground out 5-3 (Groundball, 15S)
Batting: LHB Pat Carroll 0-0: Ball
1-0: Ball
2-0: Fly out, F5 (Popup, 5SF)
Batting: LHB Chandler Pitts 0-0: Called Strike
0-1: Called Strike
0-2: Foul Ball, location: 2F
0-2: Ball
1-2: Ball
2-2: Strikes out looking
Bottom of the 2nd over - 0 run(s), 0 hit(s), 0 error(s), 0 left on base; Oklahoma 3 - South Carolina 0
TOP OF THE 3RD
Oklahoma Sooners batting - Pitching for South Carolina Gamecocks : RHP Paul Horning
Batting: SHB Donald Reed 0-0: Ball
1-0: Fly out, F8 (Flyball, 8LM)
Batting: LHB Keith Green 0-0: Ball
1-0: Ball
2-0: Called Strike
2-1: Ground out 6-3 (Groundball, 6M)
Batting: RHB Ralph Hayes 0-0: Called Strike
0-1: Ball
1-1: Called Strike
1-2: Ground out 6-3 (Groundball, 6)
Top of the 3rd over - 0 run(s), 0 hit(s), 0 error(s), 0 left on base; Oklahoma 3 - South Carolina 0
BOTTOM OF THE 3RD
South Carolina Gamecocks batting - Pitching for Oklahoma Sooners : LHP Bob Pitchforth
Batting: RHB Sidney Smith 0-0: Ball
1-0: Called Strike
1-1: Ball
2-1: Foul Ball, location: 2F
2-2: Foul Ball, location: 2F
2-2: Foul Ball, location: 2F
2-2: Foul Ball, location: 2F
2-2: Ball
3-2: Foul Ball, location: 2F
3-2: Foul Ball, location: 2F
3-2: Base on Balls
Batting: RHB José Maldonado 0-0: Ball
1-0: Fly out, F8 (Popup, 6MD)
Batting: RHB Gary Wyatt 0-0: Ball
1-0: Ball
2-0: Ball
3-0: Called Strike
3-1: Called Strike
3-2: Foul Ball, location: 2F
3-2: Strikes out swinging
Batting: RHB Mike Wagner 0-0: Ball
1-0: Ball
2-0: Ball
3-0: Called Strike
3-1: Foul Ball, location: 2F
3-2: Ground out 6-3 (Groundball, 6)
Bottom of the 3rd over - 0 run(s), 0 hit(s), 0 error(s), 1 left on base; Oklahoma 3 - South Carolina 0
TOP OF THE 4TH
Oklahoma Sooners batting - Pitching for South Carolina Gamecocks : RHP Paul Horning
Batting: RHB Rafael Barajas 0-0: Ball
1-0: Ball
2-0: Hit by Pitch
Batting: RHB Steven Wright 0-0: Ball
1-0: Ball
Wild Pitch!
Rafael Barajas to second
2-0: Ball
3-0: Called Strike
3-1: Base on Balls
Batting: RHB José Ramos 0-0: Ball
1-0: DOUBLE (Line Drive, 9LM)
Rafael Barajas scores
Steven Wright to third
Batting: SHB Ryan Holcomb 0-0: Ground out 4-3 (Groundball, 4)
Steven Wright scores
José Ramos to third
Batting: RHB Chris Wilson 0-0: SINGLE (Groundball, 13) (infield hit)
Batting: SHB César Álvarez 0-0: Called Strike
0-1: Ball
1-1: Foul Ball, location: 2F
1-2: Strikes out looking
Batting: SHB Donald Reed 0-0: Foul Ball, location: 2F
0-1: Ball
1-1: Called Strike
1-2: Foul Ball, location: 2F
1-2: SINGLE (Groundball, 34D)
José Ramos scores
Chris Wilson to second
Runner from 2nd tries for 3rd, SAFE, throw made to third
Batting: LHB Keith Green 0-0: Ball
1-0: Ball
2-0: Foul Ball, location: 2F
2-1: SINGLE (Line Drive, 4MD)
Chris Wilson scores
Donald Reed to second
Runner from 2nd tries for 3rd, SAFE, no throw or cutoff
Batting: RHB Ralph Hayes 0-0: Swinging Strike
0-1: Ground out 6-3 (Groundball, 6)
Top of the 4th over - 4 run(s), 4 hit(s), 0 error(s), 2 left on base; Oklahoma 7 - South Carolina 0
BOTTOM OF THE 4TH
South Carolina Gamecocks batting - Pitching for Oklahoma Sooners : LHP Bob Pitchforth
Batting: RHB Josh Baker 0-0: Foul Ball, location: 2F
0-1: Ball
1-1: Ball
2-1: Foul Ball, location: 2F
2-2: Foul Ball, location: 2F
2-2: Ball
3-2: Base on Balls
Batting: RHB Lewis Carter 0-0: Called Strike
0-1: SINGLE (Groundball, 15S) (infield hit)
Josh Baker to second
Batting: RHB Fernando Pérez 0-0: Called Strike
0-1: Ball
1-1: Ball
2-1: Foul Ball, location: 2F
2-2: Ball
3-2: Grounds into double play, 6-4-3 (Groundball, 6M)
Josh Baker to third
Batting: LHB Pat Carroll 0-0: Called Strike
0-1: Foul Ball, location: 2F
0-2: Strikes out looking
Bottom of the 4th over - 0 run(s), 1 hit(s), 0 error(s), 1 left on base; Oklahoma 7 - South Carolina 0
TOP OF THE 5TH
Oklahoma Sooners batting - Pitching for South Carolina Gamecocks : RHP Paul Horning
Pitching: RHP Bruce Longoria
Batting: RHB Rafael Barajas 0-0: Swinging Strike
0-1: Fly out, F4 (Popup, 4D)
Batting: RHB Steven Wright 0-0: Called Strike
0-1: Foul Ball, location: 2F
0-2: Foul Ball, location: 2F
0-2: Ball
1-2: Foul Ball, location: 2F
1-2: Ball
2-2: Strikes out swinging
Batting: RHB José Ramos 0-0: Ball
1-0: Foul Ball, location: 2F
1-1: Called Strike
1-2: DOUBLE (Line Drive, 89D)
Batting: SHB Ryan Holcomb 0-0: Foul Ball, location: 2F
0-1: Called Strike
0-2: Ball
1-2: Strikes out swinging
Top of the 5th over - 0 run(s), 1 hit(s), 0 error(s), 1 left on base; Oklahoma 7 - South Carolina 0
BOTTOM OF THE 5TH
South Carolina Gamecocks batting - Pitching for Oklahoma Sooners : LHP Bob Pitchforth
Batting: LHB Chandler Pitts 0-0: Called Strike
0-1: Ball
1-1: Ball
Reached via error on a dropped throw, E1
Batting: RHB Sidney Smith 0-0: Called Strike
0-1: Called Strike
0-2: Ball
1-2: Reached on error, E6 (Groundball, 6)
Chandler Pitts to second
Batting: RHB José Maldonado 0-0: Ball
1-0: Ball
2-0: Foul Ball, location: 2F
2-1: SINGLE (Line Drive, 89S)
Chandler Pitts to third
Sidney Smith to second
Pitching: RHP Curt Stephens
Batting: RHB Gary Wyatt 0-0: DOUBLE (Line Drive, 9LM)
Chandler Pitts scores
Sidney Smith scores
José Maldonado to third
Batting: RHB Mike Wagner 0-0: Called Strike
0-1: Ball
1-1: Swinging Strike
1-2: Strikes out swinging
Batting: RHB Josh Baker 0-0: SINGLE (Line Drive, 8LS)
José Maldonado scores
Gary Wyatt to third
Runner from 3rd tries for Home, SAFE, throw made home
Josh Baker to second
Batting: RHB Lewis Carter 0-0: Ball
1-0: Called Strike
1-1: Ball
2-1: Ball
3-1: Called Strike
3-2: Base on Balls
Batting: RHB Fernando Pérez 0-0: Fly out, F3 (Popup, 3SF)
Batting: LHB Pat Carroll 0-0: Called Strike
0-1: Ball
1-1: Swinging Strike
1-2: Ball
2-2: Ball
3-2: Base on Balls
Josh Baker to third
Lewis Carter to second
Batting: LHB Chandler Pitts 0-0: Called Strike
0-1: Ground out 1-3 (Groundball, 13S)
Bottom of the 5th over - 4 run(s), 3 hit(s), 2 error(s), 3 left on base; Oklahoma 7 - South Carolina 4
TOP OF THE 6TH
Oklahoma Sooners batting - Pitching for South Carolina Gamecocks : RHP Bruce Longoria
Batting: RHB Chris Wilson 0-0: Called Strike
0-1: Foul Ball, location: 2F
0-2: Ball
1-2: Foul Ball, location: 2F
1-2: Ball
2-2: Ground out 5-3 (Groundball, 56)
Batting: SHB César Álvarez 0-0: Called Strike
0-1: Ball
1-1: Swinging Strike
1-2: Ball
2-2: Fly out, F6 (Popup, 56D)
Batting: SHB Donald Reed 0-0: Ball
1-0: Ground out 6-3 (Groundball, 6)
Top of the 6th over - 0 run(s), 0 hit(s), 0 error(s), 0 left on base; Oklahoma 7 - South Carolina 4
BOTTOM OF THE 6TH
South Carolina Gamecocks batting - Pitching for Oklahoma Sooners : RHP Curt Stephens
Batting: RHB Sidney Smith 0-0: Ground out 6-3 (Groundball, 6M)
Batting: RHB José Maldonado 0-0: Ball
1-0: Called Strike
1-1: Called Strike
1-2: Strikes out swinging
Batting: RHB Gary Wyatt 0-0: Ball
1-0: Ball
2-0: Called Strike
2-1: Ball
3-1: Ground out 3-1 (Groundball, 34)
Bottom of the 6th over - 0 run(s), 0 hit(s), 0 error(s), 0 left on base; Oklahoma 7 - South Carolina 4
TOP OF THE 7TH
Oklahoma Sooners batting - Pitching for South Carolina Gamecocks : RHP Bruce Longoria
Pitching: RHP Bryan Smith
Batting: LHB Keith Green 0-0: Ball
1-0: Ball
2-0: Called Strike
2-1: Ball
3-1: Base on Balls
Batting: RHB Ralph Hayes 0-0: Fly out, F7 (Flyball, 7S)
Batting: RHB Rafael Barajas 0-0: Ball
1-0: Ball
2-0: Called Strike
2-1: Foul Ball, location: 2F
2-2: Foul Ball, location: 2F
2-2: Strikes out looking
Batting: RHB Steven Wright 0-0: Called Strike
0-1: Hit by Pitch
Keith Green to second
Batting: RHB José Ramos 0-0: Foul Ball, location: 2F
0-1: Ball
1-1: Called Strike
1-2: Ball
2-2: Ball
3-2: Strikes out looking
Top of the 7th over - 0 run(s), 0 hit(s), 0 error(s), 2 left on base; Oklahoma 7 - South Carolina 4
BOTTOM OF THE 7TH
South Carolina Gamecocks batting - Pitching for Oklahoma Sooners : RHP Curt Stephens
Pitching: RHP Neil Adams
Batting: RHB Mike Wagner 0-0: Ball
1-0: Called Strike
1-1: Called Strike
1-2: Fly out, F8 (Flyball, 8RM)
Batting: RHB Josh Baker 0-0: Ball
1-0: Reached on Error, E7 (Flyball, 7M)
Batting: RHB Lewis Carter 0-0: Ball
1-0: Swinging Strike
1-1: Called Strike
1-2: Ball
2-2: Strikes out looking
Batting: RHB Fernando Pérez 0-0: Called Strike
0-1: Ball
1-1: Swinging Strike
1-2: Ball
2-2: Foul Ball, location: 2F
2-2: Foul Ball, location: 2F
2-2: Fly out, F1 (Line Drive, 13)
Bottom of the 7th over - 0 run(s), 0 hit(s), 1 error(s), 1 left on base; Oklahoma 7 - South Carolina 4
TOP OF THE 8TH
Oklahoma Sooners batting - Pitching for South Carolina Gamecocks : RHP Bryan Smith
Batting: SHB Ryan Holcomb 0-0: Called Strike
0-1: Fly out, F7 (Flyball, 7S)
Batting: RHB Chris Wilson 0-0: Ball
1-0: Foul Ball, location: 2F
1-1: Bunt missed!
1-2: Foul Ball, location: 2F
1-2: Ground out 5-3 (Groundball, 56)
Batting: SHB César Álvarez 0-0: Ground out 4-3 (Groundball, 4)
Top of the 8th over - 0 run(s), 0 hit(s), 0 error(s), 0 left on base; Oklahoma 7 - South Carolina 4
BOTTOM OF THE 8TH
South Carolina Gamecocks batting - Pitching for Oklahoma Sooners : RHP Neil Adams
Batting: LHB Pat Carroll 0-0: Called Strike
0-1: Foul Ball, location: 2F
0-2: Ball
1-2: Foul Ball, location: 2F
1-2: Ball
2-2: Ball
3-2: Strikes out looking
Batting: LHB Chandler Pitts 0-0: Foul Ball, location: 2F
0-1: Ground out 4-3 (Groundball, 4)
Batting: RHB Sidney Smith 0-0: Ball
1-0: Ball
2-0: Called Strike
2-1: Foul Ball, location: 2F
2-2: Ground out 1-3 (Groundball, 25)
Bottom of the 8th over - 0 run(s), 0 hit(s), 0 error(s), 0 left on base; Oklahoma 7 - South Carolina 4
TOP OF THE 9TH
Oklahoma Sooners batting - Pitching for South Carolina Gamecocks : RHP Bryan Smith
Pitching: RHP Joseph Salinas
Batting: SHB Donald Reed 0-0: Called Strike
0-1: Foul Ball, location: 2F
0-2: Strikes out swinging
Batting: LHB Keith Green 0-0: Foul Ball, location: 2F
0-1: Foul Ball, location: 2F
0-2: Ball
1-2: Ball
2-2: Ball
3-2: Base on Balls
Batting: RHB Ralph Hayes 0-0: Called Strike
Keith Green is caught stealing 2nd base
0-1: Foul Ball, location: 2F
0-2: SOLO HOME RUN (Flyball, 78XD), Distance : 363 ft
Batting: RHB Rafael Barajas 0-0: Ball
1-0: Reached on error, E5 (Groundball, 5S)
Batting: RHB Steven Wright 0-0: Ground out 5-3 (Groundball, 5)
Top of the 9th over - 1 run(s), 1 hit(s), 1 error(s), 1 left on base; Oklahoma 8 - South Carolina 4
BOTTOM OF THE 9TH
South Carolina Gamecocks batting - Pitching for Oklahoma Sooners : RHP Neil Adams
Pitching: RHP Bill Harper
Batting: RHB José Maldonado 0-0: Foul Ball, location: 2F
0-1: Foul Ball, location: 2F
0-2: Foul Ball, location: 2F
0-2: Ball
1-2: Fly out, F4 (Popup, 34)
Batting: RHB Gary Wyatt 0-0: Ball
1-0: Swinging Strike
1-1: Called Strike
1-2: Strikes out swinging
Batting: RHB Mike Wagner 0-0: SOLO HOME RUN (Flyball, 7LD), Distance : 328 ft
Pitching: RHP Tom Evans
Batting: RHB Josh Baker 0-0: Ball
1-0: Ball
2-0: Foul Ball, location: 2F
2-1: Ball
3-1: Base on Balls
Batting: RHB Lewis Carter 0-0: Called Strike
0-1: Called Strike
0-2: Strikes out swinging
Bottom of the 9th over - 1 run(s), 1 hit(s), 0 error(s), 1 left on base; Oklahoma 8 - South Carolina 5
This league is powered by Out of the Park Baseball, the baseball management simulation game for PC, Mac and Linux
Tuesday, August 2nd, 2016 - OOTP Baseball 16.8 Build 38